 Dungeon Crawl Stone Soup version 0.17-a0-1481-gfdcec5c (console) character file.

42 Fusha the Bolt Thrower (level 3, 0/20 HPs)
             Began as a Kobold Arcane Marksman on July 4, 2015.
             Slain by Ijyb
             ... wielding a +4 club
              (4 damage)
             ... on level 2 of the Dungeon.
             The game lasted 00:06:03 (1810 turns).

Fusha the Bolt Thrower (Kobold Arcane Marksman)     Turns: 1810, Time: 00:06:04

Health: 0/20       AC:  2    Str: 10    XL:     3   Next: 77%
Magic:  1/4        EV: 16    Int: 11    God:
Gold:   25         SH:  0    Dex: 15    Spells: 2 memorised, 1 level left

rFire  . . .     SeeInvis .     b - +0 hand crossbow
rCold  . . .     Clarity  .     c - +0 robe
rNeg   . . .     SustAt   .     (shield restricted)
rPois  .         Gourm    .     (no helmet)
rElec  .         Spirit   .     (no cloak)
rCorr  .         Warding  .     (no gloves)
rMut   .         Stasis   .     (no boots)
MR     .....                    (no amulet)
Stlth  +.........               (no ring)
                                (no ring)

@: not resistant to hostile enchantments, very unstealthy
A: carnivore 3
a: no special abilities


You were on level 2 of the Dungeon.
You were hungry.

You visited 1 branch of the dungeon, and saw 2 of its levels.

You collected 25 gold pieces.

Inventory:

Hand weapons
 a - a +0 club
 b - a +0 hand crossbow (weapon)
Missiles
 f - 8 poisoned needles
 h - 4 bolts (quivered)
Armour
 c - a +0 robe (worn)
 j - a cursed -2 leather armour
Potions
 g - a potion of cancellation {unknown}
 i - a potion of invisibility {unknown}
 k - 2 potions of lignification {unknown}
 l - 2 potions of flight {unknown}
Books
 d - a book of Debilitation

   Spells                             Type                      Level
   a - Corona                         Hexes                        1
   b - Slow                           Hexes                        2
   c - Gell's Gravitas                Hexes/Translocation          3
   d - Inner Flame                    Hexes/Fire                   3
   e - Cause Fear                     Hexes                        4
   f - Leda's Liquefaction            Hexes/Earth                  4
Comestibles
 e - a meat ration


   Skills:
 - Level 1.1 Fighting
 * Level 3.7 Crossbows
 + Level 3.2 Dodging
 - Level 1.0 Spellcasting
 + Level 3.3 Hexes


You had one spell level left.
You knew the following spells:

 Your Spells              Type           Power        Failure   Level  Hunger
a - Corona                Hex            #......      10%         1    ##.....
b - Slow                  Hex            #.......     14%         2    ###....


Dungeon Overview and Level Annotations

Branches:
Dungeon (2/15)

Altars:

Annotations:
D:2 Ijyb


Innate Abilities, Weirdness & Mutations

You are small and have problems with some larger weapons.
You are carnivorous and can eat meat at any time.


Message History

Ijyb is almost dead.
Ijyb hits you with an enchanted club!
Firing (i - inventory):
h - 7 bolts (quivered)
Press: ? - help, Shift-Dir - straight line, f/p - Ijyb
Aim: Ijyb, wielding an enchanted club and wearing a shiny ring mail (almost dead, softly glowing)
You shoot a bolt. The bolt barely misses Ijyb.
Ijyb hits you with an enchanted club.
* * * LOW HITPOINT WARNING * * *
Firing (i - inventory):
h - 6 bolts (quivered)
Press: ? - help, Shift-Dir - straight line, f/p - Ijyb
Aim: Ijyb, wielding an enchanted club and wearing a shiny ring mail (almost dead, softly glowing)
You shoot a bolt. The bolt hits Ijyb but does no damage.
Ijyb is almost dead.
Ijyb hits you but does no damage. Ijyb closely misses you.
Firing (i - inventory):
h - 5 bolts (quivered)
Press: ? - help, Shift-Dir - straight line, f/p - Ijyb
Aim: Ijyb, wielding an enchanted club and wearing a shiny ring mail (almost dead, softly glowing)
You shoot a bolt. The bolt barely misses Ijyb.
Ijyb hits you with an enchanted club.
You die...

###>..####.....#
#####..............#
###.....##..####.....
....#######..........
##### #.....####
####.....# ###
#.###.## ..# #......#
#...# ###@...# .<..#
#g...# .... (....#
##. ..(..## .......
........# .........#
......(...#


You could see Ijyb.

Vanquished Creatures
  A gnoll (D:1)
  2 ball pythons (D:1)
  7 bats
  A giant cockroach (D:1)
  5 goblins (D:1)
  6 hobgoblins (D:1)
  A giant newt (D:1)
  3 kobolds (D:1)
  3 rats
29 creatures vanquished.

Notes
Turn   | Place    | Note
--------------------------------------------------------------
     0 | D:1      | Fusha the Kobold Arcane Marksman began the quest for the Orb.
     0 | D:1      | Reached XP level 1. HP: 12/12 MP: 2/2
   222 | D:1      | Reached XP level 2. HP: 16/16 MP: 3/3
   227 | D:1      | Learned a level 2 spell: Slow
  1011 | D:1      | Reached XP level 3. HP: 10/20 MP: 2/4
  1790 | D:2      | Noticed Ijyb
  1810 | D:2      | Slain by Ijyb

Vault maps used:
D:1:      roderic_dead_forest
D:2:      first_bread, nrook_loot_triangle, uniq_iyjb, uniq_natasha

Action                   || total
-------------------------++-------
Melee: Unarmed           ||    16
       Club              ||   129
 Fire: Hand crossbow     ||    32
 Cast: Corona            ||    15
  Use: Scroll            ||     1
 Stab: Sleeping          ||     2
  Eat: Chunk             ||     3
